 Dungeon Crawl Stone Soup version 0.29-a0-653-gd47aff6735 (webtiles) character file.

Game seed: 677085684557031114

12012 miscthings the Severer (level 12, -8/95 HPs)
             Began as a Meteoran Fighter on June 21, 2022.
             Was a High Priest of Okawaru.
             Mangled by a two-headed ogre
             ... wielding a +0 giant club
              (19 damage)
             ... on level 1 of the Orcish Mines.
             The game lasted 00:20:20 (5815 turns).

miscthings the Severer (Meteoran Fighter)           Turns: 5815, Time: 00:20:20

Health: -8/95      AC: 15    Str: 25    XL:     12   Next: 43%
Magic:  14/16      EV: 19    Int:  9    God:    Okawaru [*****.]
Gold:   399        SH:  7    Dex: 17    Spells: 11/11 levels left

rFire   . . .      SeeInvis +   N - +14 obsidian axe {vorpal, Mesm Drain Fly SInv}
rCold   + . .      Faith    .   c - +0 buckler
rNeg    . . .      Spirit   .   j - +2 scale mail {rC+}
rPois   .          Reflect  .   (no helmet)
rElec   .          Harm     .   G - +0 cloak
rCorr   .          Rampage  .   g - +0 pair of gloves
Will    +....                   y - +0 pair of boots
Stlth   +.........              f - amulet of the acrobat
HPRegen 0.25/turn               n - +4 ring of evasion
MPRegen 0.15/turn               A - +6 ring of strength

@: heroic, marked, flying, mesmerised, glowing
A: sense surroundings 2, otherworldly, glowing, explore regen, weak 1,
MP-powered wands
a: Renounce Religion, Heroism, Finesse, Duel


You were on level 1 of the Orcish Mines.
You worshipped Okawaru.
Okawaru was extremely pleased with you.
You visited 3 branches of the dungeon, and saw 13 of its levels.

You collected 970 gold pieces.
You spent 571 gold pieces at shops.

Inventory:

Hand Weapons
 r - a +2 war axe of draining
 N - the +14 obsidian axe (weapon) {vorpal, Mesm Drain Fly SInv}
   (You found it on level 1 of the Orcish Mines)

   It inflicts extra damage upon your enemies.
   It occasionally summons demons to assist the wielder when it strikes in
   combat.
   Its wielder is mesmerised by any visible foes.
   It cannot be unequipped while any foes are visible.
   SInv:      It lets you see invisible.
   Fly:       It grants you flight.
   Drain:     It drains your maximum health when unequipped.
 P - a +0 war axe of flaming
Missiles
 w - 3 curare-tipped darts (quivered)
Armour
 b - a +0 scale mail
 c - a +0 buckler (worn)
 g - a +0 pair of gloves (worn)
 j - a +2 scale mail of cold resistance (worn)
 y - a +0 pair of boots (worn)
 G - a +0 cloak (worn)
 L - the +1 ring mail of the Farmer {SInv}
   (Okawaru gifted it to you on level 10 of the Dungeon)

   SInv:      It lets you see invisible.
 O - the +0 kite shield "Dawoso" {rElec rF+ Int+4}
   (You took it off Donald on level 2 of the Orcish Mines)

   Int:       It affects your intelligence (+4).
   rF:        It protects you from fire.
   rElec:     It insulates you from electricity.
Jewellery
 f - an amulet of the acrobat (around neck)
 h - a ring of magical power
 n - a +4 ring of evasion (left hand)
 A - a +6 ring of strength (right hand)
Wands
 a - a wand of light (2)
 v - a wand of flame (17)
 z - a wand of mindburst (2)
 M - a wand of iceblast (3)
Scrolls
 l - 3 scrolls of enchant armour
 o - a scroll of amnesia {unknown}
 p - 2 scrolls of vulnerability
 s - a scroll of fog {unknown}
 t - a scroll of acquirement {unknown}
 u - 2 scrolls of magic mapping
 x - 2 scrolls of blinking
 B - a scroll of torment {unknown}
 C - 9 scrolls of teleportation
 I - 3 scrolls of identify {@r1}
 K - a scroll of poison
Potions
 d - 2 potions of might
 e - 4 potions of lignification
 i - 2 potions of magic
 m - 2 potions of cancellation {unknown}
 q - 3 potions of brilliance
 D - 2 potions of curing
 E - a potion of mutation
 F - 3 potions of resistance
 H - a potion of berserk rage {unknown}
 J - a potion of haste


   Skills:
 - Level 5.9(10.9) Fighting
 + Level 17.4(22.4) Axes
 - Level 4.0(9.0) Throwing
 - Level 6.4(11.4) Armour
 - Level 4.8(9.8) Dodging
 - Level 6.4(11.4) Shields
 - Level 5.2 Invocations
 - Level 4.6 Evocations


You had 11 spell levels left.
You didn't know any spells.
Your spell library contained the following spells:

 Spells                   Type           Power      Damage    Failure   Level
 Sting                    Tmut/Pois      0%         1d3       67%         1
 Poisonous Vapours        Pois/Air       0%         N/A       82%         2
 Dazzling Flash           Conj/Hex       0%         N/A       96%         3
 Leda's Liquefaction      Hex/Erth       0%         N/A       100%        4
 Olgreb's Toxic Radiance  Pois           0%         N/A       100%        4
 Agony                    Necr           0%         N/A       100%        5
 Lee's Rapid Deconstruct  Erth           0%         3d5*      100%        5
 Silence                  Hex/Air        0%         N/A       100%        5
 Statue Form              Tmut/Erth      0%         N/A       100%        6


Dungeon Overview and Level Annotations

Branches:
Dungeon (10/15) Zot: 577   Temple (1/1) D:6 Zot: 550    Lair (0/6) D:9
    Orc (2/2) D:9 Zot: 843
    Elf: Orc:2

Altars:
Ashenzari
Cheibriados
Dithmenos
Elyvilon
Fedhas
Gozag
Hepliaklqana
Kikubaaqudgha
Makhleb
Nemelex Xobeh
Okawaru
Qazlal
Ru
Sif Muna
Trog
Uskayaw
Vehumet
Wu Jian
Xom
Zin
The Shining One

Shops:
D:2 *:*   D:9 ?[!

Annotations:
D:7 3 runed translucent doors, tabacat's ghost, novice DrCj
D:10 2 transporters, avis's ghost, novice DgHu


Innate Abilities, Weirdness & Mutations

You passively map the area around you.
You are easily found by Zot.
You glow in the dark.
You regain HP and MP as you explore.
You are weak. (Str -2)
You expend magic power (3 MP) to strengthen your wands.


Message History

You barely miss the two-headed ogre.
The two-headed ogre is moderately wounded.
The orc knight roars a battlecry!
The orc sorcerer goes into a battle-frenzy!
You block the two-headed ogre's attack.
The two-headed ogre hits you with a +0 giant club!
You gain the combat prowess of a mighty hero.
The orc sorcerer gestures wildly while chanting.
You fail to use your ability.
An ogre comes into view. It is wielding a +0 giant club.
You slice the two-headed ogre!!
The two-headed ogre is heavily wounded.
You slice the two-headed ogre!! You slash the ogre mage!
Visions of slaying the ogre mage flood into your mind.
The two-headed ogre hits you with a +0 giant club!
The two-headed ogre hits you with a +0 giant club.
The two-headed ogre hits you with a +0 giant spiked club!!
The two-headed ogre hits you with a +0 giant club!!
* * * LOW HITPOINT WARNING * * *
The ogre mage hits you but does no damage.
You are too injured to fight recklessly!
You slice the two-headed ogre!!
You kill the two-headed ogre!
Okawaru is honoured by your kill.
You slash the ogre mage! You slash the two-headed ogre!
Your base Axes skill increases to level 17!
You dice the two-headed ogre like an onion!!!
You kill the two-headed ogre!
Okawaru accepts your kill.
You closely miss the warg. You slash the ogre mage!
Visions of slaying the warg flood into your mind.
The warg bites you.
* * * LOW HITPOINT WARNING * * *
The ogre mage hits you but does no damage.
You slash the ogre mage!
The ogre mage is almost dead.
You slice the two-headed ogre!! You hit the warg.
The two-headed ogre hits you but does no damage.
The two-headed ogre hits you with a +0 giant club!!
You die...

..####
##...###..###
#.....#...
...#
###.....##
##.#......
..## ##....##
##.......
.#.##
#...#.##
##.##...
....#
##.....#
#####.# ...##
##.#.## ###
#>## #...## *
### ##..###
#...@O# * *
##.Oh).# , ,,
##..OO.# , ,
* ..oo4... ,,
,
*$..........
,, *
##.#O.......,
###........
......... , ,
, ,


You could see an orc knight, 2 two-headed ogres, an ogre mage, a warg
(mesmerising), an orc sorcerer (strong), a red devil (summoned) and 2 ogres.

Vanquished Creatures
  Donald (Orc:2)
  Erica (D:10)
  3 two-headed ogres
  Pikel (D:4)
  Maurice (D:10)
  A kobold demonologist (D:7)
  A komodo dragon (D:8)
  A troll (D:9)
  Prince Ribbit (D:5)
  A hornet (D:9)
  3 shadows (D:9)
  A wyvern (D:9)
  A wraith (D:10)
  11 yaks
  A warg (Orc:2)
  Edmund (D:6)
  A two-headed ogre zombie (D:9)
  9 orc warriors
  A sky beast (D:7)
  An ice beast (D:7)
  6 ogres
  2 centaurs
  A lemure (D:4)
  A kobold brigand (D:9)
  2 bullfrogs (D:7)
  2 gnoll sergeants
  2 necrophages
  9 wights (D:9)
  2 scorpions
  6 killer bees (D:10)
  5 howler monkeys (D:9)
  2 hounds
  2 jellies
  9 orc priests
  6 iguanas
  8 orc wizards
  7 ogre zombies (D:9)
  7 gnolls
  5 adders
  A shadow imp (D:5)
  2 white imps
  A worm (D:2)
  35 orcs
  3 endoplasms (D:4)
  4 giant cockroaches
  11 goblins
  A hobgoblin (D:1)
  6 kobolds
  5 quokkas
  2 ball pythons
  8 bats
  10 frilled lizards
  2 goblin zombies (D:9)
  4 hobgoblin zombies (D:9)
  7 orc skeletons (D:9)
  12 orc zombies (D:9)
  11 rats
251 creatures vanquished.

Vanquished Creatures (others)
  4 plants (D:8)
4 creatures vanquished.

Grand Total: 255 creatures vanquished

Notes
Turn   | Place    | Note
-------+----------+-------------------------------------------
     0 | D:1      | miscthings the Meteoran Fighter began the quest for the
                  | Orb.
     0 | D:1      | Reached XP level 1. HP: 19/19 MP: 2/2
    98 | D:1      | Reached XP level 2. HP: 26/26 MP: 3/3
   193 | D:1      | Reached XP level 3. HP: 31/31 MP: 4/4
   395 | D:2      | Reached skill level 3 in Axes
   441 | D:2      | Found Pemeotz's General Store.
   485 | D:2      | Found Syahyp's Assorted Antiques.
   489 | D:2      | Bought 3 scrolls labelled GUACRY VARUOSK for 51 gold pieces
   489 | D:2      | Bought a black potion for 15 gold pieces
   489 | D:2      | Bought a glowing black potion for 15 gold pieces
   629 | D:2      | Reached XP level 4. HP: 40/40 MP: 5/5
   759 | D:2      | Found Ymaziv's Book Boutique.
   881 | D:3      | Found an iron altar of Okawaru.
   902 | D:3      | Became a worshipper of Warmaster Okawaru
   970 | D:3      | You fall into a shaft and drop 2 floors!
   970 | D:5      | Entered Level 5 of the Dungeon
  1357 | D:3      | Reached skill level 4 in Axes
  1376 | D:3      | Found a shimmering blue altar of Sif Muna.
  1388 | D:3      | Reached XP level 5. HP: 30/46 MP: 6/6
  1409 | D:3      | Reached skill level 5 in Axes
  1606 | D:4      | Found a white marble altar of Elyvilon.
  1672 | D:4      | Noticed a lemure
  1707 | D:4      | Killed a lemure
  1735 | D:4      | Noticed a lemure
  1736 | D:4      | Noticed a lemure
  1737 | D:4      | Noticed Pikel
  1737 | D:4      | Noticed a lemure
  1756 | D:4      | Killed Pikel
  1756 | D:4      | Reached * piety under Okawaru
  1757 | D:4      | Reached skill level 8 in Axes
  1757 | D:4      | Reached XP level 6. HP: 25/52 MP: 7/7
  1757 | D:4      | Reached XP level 7. HP: 28/58 MP: 8/8
  2025 | D:5      | Noticed Prince Ribbit
  2043 | D:5      | Killed Prince Ribbit
  2043 | D:5      | Reached ** piety under Okawaru
  2044 | D:5      | Reached skill level 9 in Axes
  2044 | D:5      | Reached XP level 8. HP: 50/66 MP: 9/9
  2053 | D:5      | Reached skill level 10 in Axes
  2324 | D:2      | Bought a scroll of blinking for 105 gold pieces
  2340 | D:2      | Bought a scroll labelled KUASITH MICEUNK for 17 gold pieces
  2340 | D:2      | Bought a scratched diamond ring for 85 gold pieces
  2340 | D:2      | Bought a scroll labelled ACZAUMP IBUL for 17 gold pieces
  2542 | D:6      | Found a staircase to the Ecumenical Temple.
  2579 | D:6      | Reached skill level 11 in Axes
  2605 | D:6      | Gained mutation: You passively map the area around you.
                  | [Meteoran growth]
  2605 | D:6      | Reached XP level 9. HP: 70/71 MP: 10/10
  2654 | D:6      | Noticed Edmund
  2667 | D:6      | Killed Edmund
  2668 | D:6      | Reached skill level 12 in Axes
  2699 | D:6      | Reached *** piety under Okawaru
  2701 | Temple   | Entered the Ecumenical Temple
  2983 | D:7      | Found a stormy altar of Qazlal.
  3011 | D:7      | Gained mutation: You are frail. (-10% HP) [potion of
                  | mutation]
  3011 | D:7      | Gained mutation: You are agile. (Dex +4, Int/Str-1) [potion
                  | of mutation]
  3012 | D:7      | Lost mutation: You are frail. (-10% HP) [potion of
                  | mutation]
  3012 | D:7      | Lost mutation: You are agile. (Dex +4, Int/Str-1) [potion
                  | of mutation]
  3012 | D:7      | Gained mutation: You expend magic power (3 MP) to
                  | strengthen your wands. [potion of mutation]
  3012 | D:7      | Gained mutation: You are weak. (Str -2) [potion of
                  | mutation]
  3027 | D:7      | Reached skill level 13 in Axes
  3089 | D:7      | Noticed a kobold demonologist
  3101 | D:7      | Noticed a rust devil
  3103 | D:7      | Killed a kobold demonologist
  3217 | D:7      | Reached skill level 14 in Axes
  3242 | D:7      | Noticed tabacat's ghost (novice DrCj)
  3244 | D:7      | Found a runed translucent gate.
  3245 | D:7      | Found a runed translucent gate.
  3249 | D:7      | Found a runed translucent gate.
  3557 | D:8      | Reached XP level 10. HP: 78/78 MP: 11/11
  3590 | D:8      | Reached skill level 15 in Axes
  3594 | D:8      | Reached **** piety under Okawaru
  3931 | D:8      | Noticed a komodo dragon
  3946 | D:8      | Killed a komodo dragon
  3947 | D:8      | Reached skill level 16 in Axes
  3947 | D:8      | Reached skill level 1 in Throwing
  4355 | D:9      | Found a shadowy altar of Dithmenos.
  4362 | D:9      | Reached skill level 1 in Invocations
  4379 | D:9      | Reached skill level 1 in Dodging
  4379 | D:9      | Reached skill level 1 in Evocations
  4406 | D:9      | Found a staircase to the Orcish Mines.
  4514 | D:9      | Found a staircase to the Lair.
  4536 | D:9      | Found a shimmering altar of Xom.
  4603 | D:9      | Paralysed by a hornet for 3 turns
  4606 | D:9      | Reached XP level 11. HP: 66/85 MP: 9/13
  4611 | D:9      | Reached ***** piety under Okawaru
  4680 | D:9      | Reached skill level 5 in Armour
  4680 | D:9      | Reached skill level 5 in Shields
  4699 | D:9      | Found Xored's Armour Boutique.
  4714 | D:9      | Found Vats's Magic Scroll Shop.
  4723 | D:9      | Bought a scroll of identify for 28 gold pieces
  4723 | D:9      | Bought a scroll of identify for 28 gold pieces
  4723 | D:9      | Bought a scroll of identify for 28 gold pieces
  4824 | D:9      | Found Puci's Distillery.
  4841 | D:9      | Bought a potion of curing for 42 gold pieces
  4841 | D:9      | Bought a potion of haste for 140 gold pieces
  4883 | D:10     | Entered Level 10 of the Dungeon
  4905 | D:10     | Noticed a two-headed ogre
  4912 | D:10     | Killed a two-headed ogre
  4912 | D:10     | Identified the +1 ring mail of the Farmer {SInv} (Okawaru
                  | gifted it to you on level 10 of the Dungeon)
  4912 | D:10     | Received a gift from Okawaru
  4913 | D:10     | Reached skill level 5 in Fighting
  4959 | D:10     | Found a transporter.
  4963 | D:10     | Noticed a two-headed ogre
  4963 | D:10     | Noticed Erica
  4988 | D:10     | Killed Erica
  5030 | D:10     | Noticed avis's ghost (novice DgHu)
  5096 | D:10     | Found a transporter.
  5122 | D:10     | Noticed Maurice
  5127 | D:10     | Killed Maurice
  5352 | D:10     | Reached skill level 5 in Invocations
  5441 | Orc:1    | Entered Level 1 of the Orcish Mines
  5470 | Orc:1    | Reached XP level 12. HP: 92/95 MP: 16/16
  5574 | Orc:1    | Found the +14 obsidian axe {vorpal, Mesm Drain Fly SInv}
  5678 | Orc:2    | Entered Level 2 of the Orcish Mines
  5692 | Orc:2    | Identified the +0 kite shield "Dawoso" {rElec rF+ Int+4}
  5692 | Orc:2    | Noticed Donald
  5707 | Orc:2    | Killed Donald
  5760 | Orc:1    | Received a gift from Okawaru
  5805 | Orc:1    | Noticed a two-headed ogre
  5805 | Orc:1    | Noticed a two-headed ogre
  5806 | Orc:1    | Noticed a two-headed ogre
  5807 | Orc:1    | Noticed an ogre mage
  5807 | Orc:1    | Noticed a two-headed ogre
  5808 | Orc:1    | Noticed an orc knight
  5813 | Orc:1    | Killed a two-headed ogre
  5814 | Orc:1    | Reached skill level 17 in Axes
  5814 | Orc:1    | Killed a two-headed ogre
  5815 | Orc:1    | Mangled by a two-headed ogre

Illustrated notes

Levels and vault maps discovered:
D:1:      nzn_arrival_depleted_hourglass, layout_rooms,
          shapermc_ecumenical_altar_acropolis
D:2:      layout_loops_ring, serial_shops, nicolae_square_shop,
          nicolae_shop_competitors_out_of_business, shop, grunt_decor_one_mirror
D:3:      layout_basic, mainiacjoe_overflow_boulevard,
          kennysheep_orc_sif_temple, grunt_decor_fettered
D:4:      layout_rooms, kennysheep_ying_yang, serial_curves, eino_curves_04,
          eino_curves_03, eino_curves_02, eino_curves_03, uniq_pikel
D:5:      layout_rooms, chequers_arboretum, uniq_prince_ribbit1
D:6:      layout_cave_pools, minmay_temple_entry_ruins, uniq_edmund
D:7:      layout_basic, nicolae_qazlal_general_emergency, gammafunk_ghost_split
D:8:      layout_basic, mrwooster_statue_mirror, minmay_lizard_king
D:9:      minmay_spotlight, layout_rooms, grunt_dithmenos_shadows,
          kennysheep_mini, zombieorc2_lemuel, serial_shops, shop,
          nicolae_shop_hallway_plus, nicolae_shop_behind_doors
D:10:     layout_basic, nzn_ghost_randoct, uniq_maurice, uniq_erica
Temple:   eino_wide_crystal_templ
Orc:1:    layout_diamond_mine, dreamdust_deal_with_the_devil,
          nicolae_shop_gadgets
Orc:2:    grunt_orc_tribal_feast, layout_diamond_mine, mines3_lemuel,
          uniq_donald

Skill      XL: |  1  2  3  4  5  6  7  8  9 10 11 12 |
---------------+-------------------------------------+-----
Axes           | 3 4 8 9 11 14 16 17 | 17.4
Armour         | 4 6 |  6.4
Shields        | 4 6 |  6.4
Throwing       | 3 4 |  4.0
Fighting       | 4 5 |  5.9
Invocations    | 2 5 |  5.2
Dodging        | 2 4 |  4.8
Evocations     | 2 4 |  4.6

Action                   |  1- 3 |  4- 6 |  7- 9 | 10-12 || total
-------------------------+-------+-------+-------+-------++-------
Melee: War axe           |    87 |   152 |    99 |   275 ||   613
       Broad axe         |       |       |       |    35 ||    35
Throw: Dart              |       |     2 |     7 |     8 ||    17
Invok: Heroism           |       |       |       |     3 ||     3
       Finesse           |       |       |       |     2 ||     2
Evoke: Wand              |       |       |    18 |    19 ||    37
  Use: Scroll            |     1 |       |     6 |     4 ||    11
       Potion            |       |       |     3 |     2 ||     5
Armor: Scale mail        |    38 |    64 |    35 |    46 ||   183
Dodge: Dodged            |    47 |    90 |    55 |   112 ||   304
Block: Buckler           |    23 |    35 |    19 |    52 ||   129

Table legend: (Time is in decaauts)
 A = Elapsed time spent in this place.
 B = Non-inter-level travel time spent in this place.
 C = Inter-level travel time spent in this place.
 D = Time resting spent in this place.
 E = Time spent auto-exploring this place.
 F = Levels seen in this place.
 G = Mean time per level.
                   A        B        C        D        E       F      G
               +--------+--------+--------+--------+--------+-----+--------+
         Total |   5828 |   5423 |    405 |      4 |   3201 |  13 |  448.3 |
       Dungeon |   5422 |   5062 |    360 |      4 |   3003 |  10 |  542.2 |
        Temple |     49 |     38 |     11 |      0 |     25 |   1 |   49.0 |
  Orcish Mines |    355 |    322 |     33 |      0 |    173 |   2 |  177.5 |
               +--------+--------+--------+--------+--------+-----+--------+

Top non-repeatable levels by time:
     D:8: 771 daAuts
     D:3: 743 daAuts
     D:4: 583 daAuts
     D:7: 559 daAuts
     D:9: 553 daAuts
    D:10: 545 daAuts
     D:2: 524 daAuts
     D:6: 457 daAuts
     D:1: 358 daAuts
     D:5: 324 daAuts
   Orc:1: 311 daAuts
  Temple: 49 daAuts
   Orc:2: 44 daAuts
